AoeStats
← Luna-Noctis

Nomad

509917674Analyzed
4v4 RM · 4d ago on Sep 28, 2026· 42m 23s· 8 players
Game mode
Random Map
Map size
231×231
Population
200
Speed
Normal
Resources
Standard
Victory
Conquest
Starting age
Dark Age
Ending age
Imperial Age
RankedLock teamsTeams togetherTeam positionsShared explorationLock speedFull tech treeHidden civsTurbo modeCheats
Victory
Defeat
🇧🇪 Varangians · Belgium
1335
+12
🇵🇪 Saracens · Peru
1286
+14
🇵🇹 Italians · Portugal
1278
+15
🇹🇼 Khmer · Taiwan
1269
+15
🇱🇮 Turks · Liechtenstein
1402
-19
🇭🇰 Spanish · Hong Kong SAR China
1365
-19
🇨🇭 Danes · Switzerland
1126
-9
🇨🇭 Poles · Switzerland
1113
-9
kalioglu
3:55 Loom
14:07 Feudal Age
14:35 Double-Bit Axe
16:01 Fishing Lines
21:55 Castle Age
22:48 Medium Warships
22:29 Gillnets
22:53 Bow Saw
28:57 Scale Barding Armor
39:01 Imperial Age
37:25 Forging
38:46 Fletching
39:34 Iron Casting
39:42 Chain Barding Armor
39:34 Gold Mining
39:34 Stone Mining
41:05 Chemistry
40:12 Siege Engineers
40:50 Clinker Construction
41:09 Conscription
42:09 Elite Cannon Galleon
43:36 Gold Shaft Mining
Royal Yakuza
13:59 Feudal Age
14:28 Double-Bit Axe
18:13 Castle Age
16:17 Loom
16:26 Stone Mining
16:46 Fishing Lines
17:48 Gold Mining
19:14 Bow Saw
20:36 Wheelbarrow
20:42 Town Watch
21:35 Horse Collar
24:37 Fletching
24:53 Scale Barding Armor
25:32 Bodkin Arrow
26:21 Stone Shaft Mining
27:14 Gillnets
30:53 Imperial Age
29:09 Clinker Construction
29:27 Forging
29:50 Heavy Plow
31:21 Iron Casting
31:12 Hand Cart
31:23 Husbandry
31:33 Bloodlines
31:19 Treadmill Crane
32:43 Two-Man Saw
32:07 Chain Barding Armor
32:19 Conscription
33:45 Blast Furnace
34:07 Plate Barding Armor
34:18 Bracer
35:14 Ballistics
35:05 Masonry
39:39 Guilds
38:51 Elite Jarl
41:19 Town Patrol
41:52 Architecture
42:53 Squires
42:15 Light Cavalry
42:56 Murder Holes
Nome(more distinct)
9:39 Loom
13:33 Feudal Age
17:30 Castle Age
18:18 Double-Bit Axe
19:35 Bow Saw
19:58 Fishing Lines
23:09 Horse Collar
25:26 Wheelbarrow
27:45 Hand Cart
27:39 Scale Barding Armor
27:56 Forging
29:09 Chain Barding Armor
34:30 Imperial Age
32:41 Bloodlines
33:10 Iron Casting
34:27 Husbandry
34:30 Scale Mail Armor
36:09 Plate Barding Armor
36:35 Blast Furnace
37:54 Elite Battle Elephant
40:05 Capped Ram
41:05 Tusk Swords
DKing
4:44 Loom
12:46 Feudal Age
13:54 Double-Bit Axe
15:14 Fishing Lines
18:54 Castle Age
20:57 Bow Saw
23:35 Bow Saw
23:06 Horse Collar
23:31 Gillnets
24:05 Gold Mining
24:34 Stone Mining
25:51 Fletching
27:06 Wheelbarrow
30:18 Imperial Age
28:24 Heavy Plow
29:43 Hand Cart
30:12 Bodkin Arrow
30:18 Padded Archer Armor
32:25 Two-Man Saw
33:06 Conscription
34:28 Bracer
35:21 Leather Archer Armor
37:00 Ring Archer Armor
36:19 Town Watch
37:15 Ballistics
37:57 Chemistry
37:07 Elite Genoese Crossbowman
40:17 Scale Barding Armor
42:50 Forging
owelt
5:45 Loom
17:18 Feudal Age
19:06 Stone Mining
21:43 Horse Collar
26:14 Castle Age
24:39 Double-Bit Axe
26:00 Gold Mining
26:57 Forging
26:52 Scale Barding Armor
30:46 Fletching
43:49 Imperial Age
Luna-Noctis
4:11 Loom
15:30 Feudal Age
21:03 Castle Age
20:18 Forging
20:10 Scale Mail Armor
21:26 Arson
22:22 Iron Casting
22:45 Double-Bit Axe
22:44 Horse Collar
23:12 Town Watch
23:54 Heavy Plow
25:25 Bow Saw
25:48 Fletching
27:35 Chain Mail Armor
29:29 Bodkin Arrow
30:30 Squires
31:12 Wheelbarrow
36:06 Imperial Age
37:42 Plate Mail Armor
38:17 Hand Cart
39:00 Elite Obuch
40:02 Conscription
41:54 Town Patrol
43:05 Blast Furnace
NOX
4:42 Loom
4:59 Loom
14:23 Feudal Age
15:39 Double-Bit Axe
15:35 Horse Collar
18:21 Castle Age
18:28 Town Watch
19:47 Heavy Plow
19:58 Bow Saw
24:50 Wheelbarrow
27:06 Scale Mail Armor
28:17 Chain Mail Armor
28:13 Forging
32:14 Imperial Age
29:47 Arson
30:03 Squires
29:50 Gambesons
29:58 Gold Mining
32:09 Hand Cart
33:44 Plate Mail Armor
34:03 Elite Jomsviking
36:56 Conscription
35:58 Hamask
37:59 Pikeman
39:23 Iron Casting
cutiewing
5:50 Loom
15:42 Feudal Age
21:21 Castle Age
20:15 Horse Collar
24:37 Town Watch
25:23 Fletching
28:36 Double-Bit Axe
31:07 Ballistics
32:48 Bodkin Arrow
36:18 Murder Holes
41:35 Imperial Age
41:46 Town Patrol
Connection lost

Rejoining the realm…

Still unreachable

The connection could not be restored.

Session expired

The server has moved on; the page needs a fresh start.